 Dungeon Crawl Stone Soup version 0.30-a0-585-g93115170b9 (webtiles) character file.

Game seed: 8076674426464907054

52 bande the Trooper (level 3, 0/24 HPs)
             Began as a Gargoyle Fighter on Jan 2, 2023.
             Slain by Sigmund
             ... wielding a +1 scythe of distortion
              (7 damage)
             ... on level 2 of the Dungeon.
             The game lasted 00:01:37 (1326 turns).

bande the Trooper (Gargoyle Fighter)                Turns: 1326, Time: 00:01:38

Health: 0/24       AC: 10    Str: 19    XL:     3   Next: 85%
Magic:  3/3        EV:  9    Int:  8    God:
Gold:   81         SH:  4    Dex: 11    Spells: 2/2 levels left

rFire   . . .      SeeInvis .    a - +0 war axe
rCold   . . .      Faith    .    c - +0 buckler
rNeg    + . .      Spirit   .    b - +0 scale mail
rPois   ∞          Reflect  .    (no helmet)
rElec   +          Harm     .    (no cloak)
rCorr   .          Rampage  .    (no gloves)
Will    .....                    (no boots) Stlth
                                 (no amulet)
HPRegen 0.24/turn                e - ring of flight
MPRegen 0.08/turn                (no ring)

@: mighty, flying
A: sickness immunity, AC +3, negative energy resistance 1, electricity
resistance, torment resistance 1, petrification resistance
a: no special abilities


You were on level 2 of the Dungeon.
You visited 1 branch of the dungeon, and saw 4 of its levels.

You collected 81 gold pieces.

Inventory:

Hand Weapons
 a - a +0 war axe (weapon)
Armour
 b - a +0 scale mail (worn)
 c - a +0 buckler (worn)
Jewellery
 e - a ring of flight (left hand)
Scrolls
 f - a scroll of teleportation {unknown}
 g - 3 scrolls of identify {unknown}
 i - a scroll of enchant armour {unknown}
 j - 2 scrolls of vulnerability {unknown}
 l - a scroll of poison {unknown}
Potions
 h - a potion of curing {unknown}
 k - a potion of mutation {unknown}
 m - a potion of degeneration {unknown}


   Skills:
 + Level 3.9 Fighting
 + Level 2.4 Axes
 + Level 3.7 Armour
 - Level 0.1 Stealth
 + Level 3.6 Shields


You had 2 spell levels left.
You didn't know any spells.
Your spell library contained the following spells:

 Spells                   Type           Power      Damage    Failure   Level
 Manifold Assault         Tloc           0%         N/A       100%        4
 Dispersal                Tloc           0%         N/A       100%        6
 Disjunction              Tloc           0%         N/A       100%        8


Dungeon Overview and Level Annotations

Branches:
Dungeon (4/15)
 Temple: D:4-7

Altars:

Annotations:
D:2 Sigmund


Innate Abilities, Weirdness & Mutations

You are immune to sickness and miasma.
Your stone body is resilient. (AC +3)
You are immune to poison.
You resist negative energy. (rN+)
You are resistant to electric shocks. (rElec)
You are resistant to unholy torment.
You are immune to petrification.


Message History

There is a stone staircase leading up here.
You fly upwards.
The hobgoblin shouts!
Found 5 stones and a fuming dark potion.
There is a stone staircase leading down here.
A hobgoblin is nearby!
A hobgoblin is nearby!
The hobgoblin barely misses you.
You hit the hobgoblin.
You kill the hobgoblin!
No target in view!
No target in view!
No target in view!
No target in view!
You now have 81 gold pieces (gained 13).
You see here a hobgoblin corpse.
Found a stone staircase leading up.
m - a fuming dark potion Sigmund the Dreaded comes into view.
He is wielding a +1 scythe of distortion.
Sigmund shouts!
Sigmund barely misses you.
Found a scroll labelled MIRI EWKESUGU.
Sigmund gestures at you while chanting. The puff of flame hits you.
You hit Sigmund.
Sigmund is lightly wounded.
Sigmund misses you.
You closely miss Sigmund.
Sigmund is lightly wounded.
Sigmund barely misses you.
You completely miss Sigmund.
Sigmund is lightly wounded.
Sigmund hits you but does no damage.
You blink.
Sigmund hits you from afar with a +1 scythe of distortion.
Space warps horribly around you!
Ouch! That really hurt!
* * * LOW HITPOINT WARNING * * *
You feel very mighty all of a sudden.
Sigmund hits you with a +1 scythe of distortion!
You die...

#. #...##.##............
.
#.##....#...............
.
#.......#..#............
.
........#....#..........
.
.......................
. . #.....###.......#...
#
...##...........#####...
.........#####....# ..
........@@.# #....#
...........# #......
...........# #.......
...###....... .......
... #............... ..
........... .
...........# .
...?...#.... . .


You could see Sigmund.

Vanquished Creatures
  Jessica (D:2)
  A worm (D:2)
  A dart slug (D:1)
  A ball python (D:1)
  3 bats
  An endoplasm (D:1)
  2 goblins (D:1)
  4 hobgoblins
  5 kobolds (D:1)
  3 rats
22 creatures vanquished.

Notes
Turn   | Place    | Note
-------+----------+-------------------------------------------
     0 | D:1      | bande the Gargoyle Fighter began the quest for the Orb.
     0 | D:1      | Reached XP level 1. HP: 14/14 MP: 1/1
   177 | D:1      | Reached XP level 2. HP: 16/19 MP: 2/2
  1212 | D:2      | Noticed Jessica
  1217 | D:2      | Killed Jessica
  1218 | D:2      | Reached XP level 3. HP: 24/24 MP: 3/3
  1232 | D:2      | You are sucked into a shaft and drop 2 floors!
  1316 | D:2      | Noticed Sigmund
  1326 | D:2      | Slain by Sigmund

Illustrated notes

Levels and vault maps discovered:
D:1:      ebering_trefoil_twist, layout_basic, minmay_strange_pillars,
          nicolae_figureground_sparkle
D:2:      layout_basic, shapermc_ecumenical_altar_gd, uniq_natasha,
          uniq_jessica, uniq_sigmund
D:3:      layout_loops_cross, kiku_gazebo_pond_becter, amcnicky_altar_gilded
D:4:      cheibrodos_greedy_goblins, layout_rooms, mainiacjoe_overflow_brackets,
          minmay_temple_entry_statues_pillars

Skill      XL: |  1  2 |
---------------+-------+-----
Axes           | 2 |  2.4
Fighting       | |  3.9
Armour         | |  3.7
Stealth        | |  0.1
Shields        | |  3.6

Action                   || total
-------------------------++-------
Melee: War axe           ||    62
  Use: Potion            ||     1
Armor: Scale mail        ||    37
Dodge: Dodged            ||    29
Block: Buckler           ||    12

Table legend: (Time is in decaauts)
 A = Elapsed time spent in this place.
 B = Non-inter-level travel time spent in this place.
 C = Inter-level travel time spent in this place.
 D = Time resting spent in this place.
 E = Time spent auto-exploring this place.
 F = Levels seen in this place.
 G = Mean time per level.
                   A        B        C        D        E       F      G
               +--------+--------+--------+--------+--------+-----+--------+
         Total |   1352 |   1267 |     85 |      0 |   1032 |   4 |  338.0 |
       Dungeon |   1352 |   1267 |     85 |      0 |   1032 |   4 |  338.0 |
               +--------+--------+--------+--------+--------+-----+--------+

Top non-repeatable levels by time:
     D:1: 1144 daAuts
     D:2: 148 daAuts
     D:3: 47 daAuts
     D:4: 11 daAuts
